 Dungeon Crawl Stone Soup version 0.20.1-1-g8b1a95d (webtiles) character file.

1326 Marthos the Geomancer (level 8, -1/52 HPs)
             Began as a Formicid Earth Elementalist on Dec 6, 2017.
             Was a Follower of Vehumet.
             Shot with an arrow by a centaur (8 damage)
             ... on level 6 of the Dungeon.
             The game lasted 00:11:42 (5381 turns).

Marthos the Geomancer (Formicid Earth Elementalist) Turns: 5381, Time: 00:11:43

Health: -1/52      AC:  3    Str: 13    XL:     8   Next: 91%
Magic:  4/19       EV: 12    Int: 17    God:    Vehumet [*.....]
Gold:   194        SH:  0    Dex: 11    Spells: 18/22 levels left

rFire    . . .     SeeInvis +   l - +3 dagger (venom)
rCold    . . .     Gourm    .   (no shield)
rNeg     . . .     Faith    .   c - +0 robe
rPois    .         Spirit   .   (helmet unavailable)
rElec    .         Reflect  .   (no cloak)
rCorr    .         Harm     +   p - +0 pair of gloves
MR       .....                  (no boots)
Stlth    ++........             f - amulet of harm (curse)
Regen    0.2/turn               (no ring)
MPRegen  0.2/turn               (no ring)

@: very slightly contaminated
A: permanent stasis, dig shafts and tunnels, four strong arms, antennae 3
a: Dig, Shaft Self, Renounce Religion


You were on level 6 of the Dungeon.
You worshipped Vehumet.
Vehumet was aware of your devotion.
You were hungry.

You visited 1 branch of the dungeon, and saw 6 of its levels.

You collected 194 gold pieces.

Inventory:

Hand Weapons
 l - a +3 dagger of venom (weapon)
Missiles
 b - 62 stones (quivered)
Armour
 c - a +0 robe (worn)
 k - a +1 scale mail of cold resistance
 p - a +0 pair of gloves (worn)
Jewellery
 f - a cursed amulet of harm (around neck)
 m - an uncursed amulet of faith
 x - an uncursed ring of see invisible {unknown}
Wands
 w - a wand of digging (18/24)
Scrolls
 a - 3 scrolls of amnesia {unknown}
 g - 6 scrolls of identify
 i - a scroll of fear {unknown}
 j - 2 scrolls of enchant armour
 r - 2 scrolls of remove curse
 v - a scroll of magic mapping {unknown}
 y - a scroll of noise {unknown}
 A - a scroll of teleportation {unknown}
Potions
 h - 3 potions of heal wounds
 n - a potion of flight
 o - a potion of magic
 u - a potion of ambrosia
 z - a potion of agility {unknown}
Books
 e - a book of Geomancy

   Spells                             Type                      Level
   a - Sandblast                      Earth                        1
   b - Passwall                       Transmutation/Earth          2
   c - Stone Arrow                    Conjuration/Earth            3
   d - Petrify                        Transmutation/Earth          4
   e - Lee's Rapid Deconstruction     Earth                        5
 q - a book of Minor Magic

   Spells                             Type                      Level
   a - Magic Dart                     Conjuration                  1
   b - Blink                          Translocation                2
   c - Call Imp                       Summoning                    2
   d - Slow                           Hexes                        2
   e - Conjure Flame                  Conjuration/Fire             3
   f - Mephitic Cloud                 Conjuration/Poison/Air       3
Comestibles
 d - 8 bread rations
 s - 2 royal jellies
 t - a meat ration


   Skills:
 - Level 1.7 Dodging
 - Level 2.4 Stealth
 * Level 7.5 Spellcasting
   Level 1.1 Transmutations
 * Level 9.3 Earth Magic


You had 18 spell levels left.
You knew the following spells:

 Your Spells              Type           Power        Failure   Level  Hunger
a - Sandblast             Erth           #####.       1%          1    None
b - Stone Arrow           Conj/Erth      ###...       4%          3    ##.....


Dungeon Overview and Level Annotations

Branches:
Dungeon (6/15)             Temple (0/1) D:4

Altars:
Vehumet


Innate Abilities, Weirdness & Mutations

You cannot be hasted, slowed, berserked, paralysed or teleported.
You can dig through walls and to a lower floor.
Your four strong arms can wield two-handed weapons with a shield.
You have a pair of large antennae on your head. (SInv)


Message History

Casting: Stone Arrow
Confirm with . or Enter, or press ? or * to list all spells.
Aiming: Sandblast
Press: ? - help, Shift-Dir - straight line, f/p - ogre
Aim: an ogre, wielding a giant club (almost dead)
The blast of sand hits the ogre.
You kill the ogre!
Vehumet accepts your kill.
b - 62 stones
Casting: Sandblast
Confirm with . or Enter, or press ? or * to list all spells.
Aiming: Stone Arrow
Press: ? - help, Shift-Dir - straight line, f - centaur
Aim: a centaur, wielding a shortbow The stone arrow hits the centaur.
The centaur is heavily wounded.
The centaur shoots an arrow.
The arrow hits you!
* * * LOW HITPOINT WARNING * * *
The centaur shoots an arrow.
The arrow hits you!
You die...

.##..?......
..!...##>..####
#....##...#[.#
#.#.....#.#..#
#.........#..#
#..###...≈#..##
##...##...≈##..#
##....##^.≈≈≈#..##
...#####@)##..#..≈≈≈##).#
.......).####.#..≈≈≈≈#..#
.................≈≈≈##..#
..........c......≈≈≈#..##
.......#######c##.≈≈#..#.
.....## ####.##..≈#..#.
.$... #........≈#..#.
.... #........##..#≈ #...
#........#..##≈


You could see a centaur.

Vanquished Creatures
  An ice beast (D:5)
  4 ogres
  A centaur (D:4)
  2 big kobolds (D:6)
  A scorpion (D:4)
  A wight (D:6)
  A crimson imp (D:4)
  The ghost of Lanoc the Grasshopper, a weakling FeWr (D:3)
  3 hounds
  4 orc priests
  An iguana (D:6)
  2 orc wizards (D:3)
  2 worker ants
  A hound zombie (D:5)
  A howler monkey zombie (D:6)
  4 adders
  A shadow imp (D:5)
  2 worms
  A dart slug (D:2)
  2 leopard geckos
  17 orcs
  A ball python (D:3)
  11 bats
  4 giant cockroaches
  5 goblins
  14 hobgoblins
  4 jackals
  15 kobolds
  2 quokkas
  2 frilled lizards
  A leopard gecko skeleton (D:6)
  6 rats
118 creatures vanquished.

Notes
Turn   | Place    | Note
-------+----------+-------------------------------------------
     0 | D:1      | Marthos the Formicid Earth Elementalist began the quest for the Orb.
     0 | D:1      | Reached XP level 1. HP: 13/13 MP: 3/3
   277 | D:1      | Reached XP level 2. HP: 19/19 MP: 0/5
   289 | D:1      | Reached skill level 4 in Earth Magic
   535 | D:1      | Reached XP level 3. HP: 24/24 MP: 1/7
  1430 | D:2      | Reached XP level 4. HP: 30/30 MP: 7/9
  1612 | D:3      | Reached skill level 5 in Earth Magic
  1677 | D:3      | Reached XP level 5. HP: 13/35 MP: 0/10
  1976 | D:3      | Learned a level 3 spell: Stone Arrow
  2629 | D:3      | Noticed Lanoc's ghost (weakling FeWr)
  2654 | D:3      | Killed Lanoc's ghost
  2654 | D:3      | Reached XP level 6. HP: 12/41 MP: 1/12
  2785 | D:3      | Reached skill level 6 in Earth Magic
  3214 | D:4      | Found a radiant altar of Vehumet.
  3217 | D:4      | Became a worshipper of Vehumet
  3283 | D:4      | Reached skill level 5 in Spellcasting
  3360 | D:4      | Reached XP level 7. HP: 34/46 MP: 14/14
  3450 | D:4      | Reached skill level 7 in Earth Magic
  3703 | D:4      | Found a staircase to the Ecumenical Temple.
  3851 | D:5      | Entered Level 5 of the Dungeon
  4192 | D:5      | Reached XP level 8. HP: 32/52 MP: 7/17
  4194 | D:5      | HP: 1/52 [orc priest/divine providence (16)]
  4198 | D:5      | Reached skill level 8 in Earth Magic
  4771 | D:6      | Reached * piety under Vehumet
  4771 | D:6      | Offered knowledge of Shock by Vehumet.
  5058 | D:6      | Reached skill level 9 in Earth Magic
  5381 | D:6      | Shot with an arrow by a centaur

Skill      XL: |  1  2  3  4  5  6  7  8 |
---------------+-------------------------+-----
Earth Magic    | 4 5 6 7 9 |  9.3
Spellcasting   | 3 4 5 6 7 |  7.5
Dodging        | |  1.7
Stealth        | |  2.4
Transmutations | |  1.1

Action                   |  1- 3 |  4- 6 |  7- 9 || total
-------------------------+-------+-------+-------++-------
Melee: Unarmed           |     5 |       |       ||     5
       Club              |     1 |    27 |       ||    28
       Dagger            |       |    18 |    26 ||    44
 Cast: Sandblast         |    45 |    58 |    30 ||   133
       Stone Arrow       |       |    14 |    25 ||    39
 Abil: Dig               |       |       |     2 ||     2
  Use: Scroll            |       |     4 |       ||     4
       Potion            |       |    10 |     1 ||    11
 Stab: Sleeping          |       |     2 |       ||     2
  Eat: Chunk             |     2 |     7 |     3 ||    12
       Bread ration      |       |       |     1 ||     1
Armor: Robe              |     2 |    10 |     9 ||    21
Dodge: Dodged            |     9 |    56 |    34 ||    99
